 Dungeon Crawl Stone Soup version 0.29-a0-23-ga79f92ac9c (console) character file.

Game seed: 5496194579299550326

6470 Cab the Cleaver (level 10, -3/63 HPs)
             Began as a Demonspawn Fighter on Jan 30, 2022.
             Was a Priest of Hepliaklqana.
             Engulfed by a steam dragon's steam (5 damage)
             ... on level 9 of the Dungeon.
             The game lasted 00:30:43 (8289 turns).

Cab the Cleaver (Demonspawn Fighter)                Turns: 8289, Time: 00:30:44

Health: -3/63      AC: 19    Str: 26    XL:     10   Next: 68%
Magic:  10/10      EV:  7    Int:  9    God:    Hepliaklqana [***...]
Gold:   425        SH:  4    Dex: 12    Spells: 9/9 levels left

rFire   . . .      SeeInvis .   a - +0 war axe
rCold   + . .      Faith    +   c - +0 buckler
rNeg    . . .      Spirit   .   g - +2 chain mail {rC+}
rPois   .          Reflect  .   (helmet restricted)
rElec   .          Harm     .   r - +0 cloak
rCorr   .          Rampage  .   s - +0 pair of gloves
Will    .....                   (no boots)
Stlth   ..........              w - amulet of faith
HPRegen 0.20/turn               o - +6 ring of strength
MPRegen 0.12/turn               k - +4 ring of slaying

@: sanguine armoured, studying Shields
A: reduced essence, foul stench 1, sanguine armour 1, demonic magic 3, antennae
1, clumsy 1, deterioration 1
a: Renounce Religion, Recall Ancestor, Ancestor Identity, Transference


You were on level 9 of the Dungeon.
You worshipped Hepliaklqana.
Hepliaklqana was most pleased with you.
You visited 2 branches of the dungeon, and saw 10 of its levels.

You collected 425 gold pieces.

Inventory:

Hand Weapons
 a - a +0 war axe (weapon)
Armour
 c - a +0 buckler (worn)
 g - a +2 chain mail of cold resistance (worn)
 h - the +1 scale mail of Anaesthesia {rElec Regen+ Int+8 Dex-2}
   (You found it on level 5 of the Dungeon)

   Int:       It affects your intelligence (+8).
   Dex:       It affects your dexterity (-2).
   rElec:     It insulates you from electricity.
   Regen:     It increases your rate of health regeneration.
 r - a +0 cloak (worn)
 s - a +0 pair of gloves (worn)
Jewellery
 d - a ring of positive energy
 e - a +6 ring of dexterity
 k - a +4 ring of slaying (right hand)
 o - a +6 ring of strength (left hand)
 t - a ring of flight
 w - an amulet of faith (around neck)
Scrolls
 f - a scroll of vulnerability
 i - a scroll of enchant armour {unknown}
 j - 2 scrolls of teleportation
 l - a scroll of holy word {unknown}
 m - 2 scrolls of blinking
 n - a scroll of amnesia
 q - 2 scrolls of fog
 x - 2 scrolls of fear {unknown}
Potions
 b - 2 potions of curing
 p - a potion of flight {unknown}
 z - a potion of might


   Skills:
 - Level 3.0 Fighting
 + Level 14.8 Axes
 - Level 2.6 Armour
 - Level 2.6 Shields


You had 9 spell levels left.
You didn't know any spells.
Your spell library contained the following spells:

 Spells                   Type           Power      Damage    Failure   Level
 Summon Small Mammal      Summ           0%         N/A       98%         1
 Corpse Rot               Necr/Air       0%         N/A       99%         2
 Poisonous Vapours        Pois/Air       0%         N/A       99%         2
 Call Canine Familiar     Summ           0%         N/A       100%        3
 Portal Projectile        Hex/Tloc       0%         N/A       100%        3
 Summon Guardian Golem    Hex/Summ       0%         N/A       100%        3
 Leda's Liquefaction      Hex/Erth       0%         N/A       100%        4


Dungeon Overview and Level Annotations

Branches:
Dungeon (9/15)             Temple (1/1) D:4
   Lair: D:8-11         Orc: D:9-12

Altars:
Hepliaklqana
Xom

Shops:
D:1 :   D:7 =

Annotations:
D:5 1 runed translucent door, hemabe71's ghost, novice HuAr


Innate Abilities, Weirdness & Mutations

Your life essence is reduced to manifest your ancestor. (-10% HP)
You may rarely emit foul miasma when damaged in melee.
When seriously injured, your blood forms armour. (AC +6)
Spells you cast and wands you use may paralyse nearby enemies.
You have a pair of small antennae on your head.
You are clumsy. (Dex -2)
Your body sometimes deteriorates upon taking damage.


Message History

Beldrama casts a spell at the tengu warrior.
The puff of frost hits the tengu warrior.
The tengu warrior blocks your attack.
The tengu warrior is severely wounded.
The tengu warrior is engulfed in dark miasma.
The tengu warrior looks as sick as possible!
The tengu warrior seems to slow down.
The tengu warrior hits you with a +2 long sword of protection.
* * * LOW HITPOINT WARNING * * *
The tengu warrior pecks you.
* * * LOW HITPOINT WARNING * * *
The tengu warrior claws you but does no damage.
Beldrama points at the tengu warrior and mumbles some strange words.
The puff of frost hits the tengu warrior!
The tengu warrior dies!
A two-headed ogre comes into view. It is wielding two +0 giant clubs.
Press: ? - help, v - describe, . - travel, g - get item
Items here: a +2 long sword of protection; a +0 ring mail; a +0 kite shield.
The floor, spattered with blood.
There is a cloud of foul pestilence here.
Unknown command.
You miss Beldrama.
An orc warrior comes into view. It is wielding a +0 trident.
You feel less invigorated.
You feel less confused.
The orc warrior shouts!
You hear an angry hiss.
The bullfrog closely misses you.
The orc warrior hits you from afar with a +0 trident!
* * * LOW HITPOINT WARNING * * *
The bullfrog hits you but does no damage.
Things that are here:
a +2 long sword of protection; a +0 ring mail; a +0 kite shield Unknown command.
A steam dragon comes into view.
The bullfrog closely misses you. The steam dragon breathes steam at you.
The ball of steam hits you but does no damage.
You hear a bellow!
You hear a loud, deep croak!
You hear a bellow!
You are engulfed in a cloud of scalding steam.
You die... ∙∙∙∙∙∙∙ ▒∙∙∙∙∙∙ ∙∙∙∙∙∙∙ ▒∙∙∙∙∙ ∙∙∙∙∙

▒∙∙∙▒ ∙∙∙ ▒∙∙∙▒
▒▒▒▒▒▒'▒▒∙∙∙▒▒
∙∙∙∙∙∙∙∙∙∙∙R)▒
∙∙∙∙∙∙∙∙∙O∙o▒∙o!∙▒
▒▒▒▒▒▒▒▒▒▒▒▒▒▒#F∙▒∙▒▒∙∙▒
∙∙∙∙∙∙∙∙∙∙∙∙∙@##∙▒▒▒ ▒
∙∙∙∙∙∙∙∙∙∙∙∙∙▒##∙▒
▒▒▒∙∙∙∙∙∙∙∙∙▒∙∙#▒
▒∙∙∙∙∙∙∙∙∙▒∙∙#∙∙
▒∙∙∙∙<∙∙∙∙▒∙∙#▒D▒
▒∙∙∙∙∙∙∙∙∙▒∙∙∙▒∙∙∙
▒∙∙∙∙∙∙∙∙∙▒∙∙∙▒ ▒∙▒
▒∙∙∙∙∙∙∙∙∙▒∙∙∙▒ ▒∙
▒∙∙∙∙∙∙∙∙∙▒


You could see the friendly Beldrama the battlemage, a two-headed ogre, an orc
warrior (ally target) and a bullfrog.

Vanquished Creatures
  A two-headed ogre (D:7)
  Joseph (D:7)
  Maggie (D:7)
  Grinder (D:6)
  A wyvern (D:9)
  A sky beast (D:7)
  A hornet zombie (D:7)
  2 necrophages
  A black bear (D:5)
  2 ice beasts
  A centaur (D:7)
  2 ogres
  A phantom (D:4)
  2 kobold brigands (D:7)
  A gnoll sergeant (D:7)
  A water moccasin zombie (D:6)
  A scorpion (D:4)
  A wyvern zombie (D:7)
  A wyvern skeleton (D:5)
  2 water moccasin skeletons
  3 killer bees (D:8)
  A centaur zombie (D:8)
  3 hounds (D:6)
  4 jellies
  An orc priest (D:7)
  Crazy Yiuf (D:3)
  An orc wizard (D:8)
  A killer bee zombie (D:8)
  10 gnolls
  7 adders
  2 white imps
  2 ufetubi (D:5)
  2 dart slugs
  2 orcs
  3 ball pythons
  5 bats
  5 endoplasms
  A giant cockroach (D:1)
  6 goblins
  6 hobgoblins
  3 iguanas
  13 kobolds
  2 quokkas
  6 frilled lizards
  8 rats
123 creatures vanquished.

Vanquished Creatures (collateral kills)
  A tengu warrior (D:9)
  A manticore (D:7)
  3 steam dragons
  Edmund (D:6)
  Menkaure (D:6)
  2 water moccasins
  An orc warrior (D:8)
  A sky beast (D:7)
  An ice beast (D:7)
  A centaur (D:8)
  A kobold brigand (D:8)
  A bullfrog (D:7)
  A gnoll sergeant (D:8)
  6 killer bees
  A wight (D:8)
  A jelly (D:7)
  An iguana (D:6)
  An orc wizard (D:8)
  A howler monkey zombie (D:8)
  4 gnolls
  2 white imps
  4 orcs
  2 kobolds
39 creatures vanquished.

Vanquished Creatures (others)
  2 battlemagi
2 creatures vanquished.

Grand Total: 164 creatures vanquished

Notes
Turn   | Place    | Note
-------+----------+-------------------------------------------
     0 | D:1      | Cab the Demonspawn Fighter began the quest for the Orb.
     0 | D:1      | Reached XP level 1. HP: 18/18 MP: 1/1
    86 | D:1      | Found a faded altar of an unknown god.
   102 | D:1      | Reached skill level 2 in Axes
   125 | D:1      | Found Cidith's Book Boutique.
   393 | D:1      | Gained mutation: Spells you cast may paralyse adjacent
                  | enemies. [demonic ancestry]
   393 | D:1      | Reached XP level 2. HP: 22/24 MP: 2/2
   905 | D:2      | Reached skill level 3 in Axes
   958 | D:2      | Gained mutation: When seriously injured, your blood forms
                  | armour. (AC +6) [demonic ancestry]
   958 | D:2      | Reached XP level 3. HP: 22/29 MP: 3/3
  1996 | D:4      | Reached XP level 4. HP: 9/35 MP: 4/4
  2103 | D:4      | Reached skill level 4 in Axes
  2795 | D:3      | Reached skill level 5 in Axes
  2795 | D:3      | Gained mutation: Spells you cast may paralyse nearby
                  | enemies. [demonic ancestry]
  2795 | D:3      | Reached XP level 5. HP: 32/41 MP: 5/5
  2982 | D:3      | Found a runed translucent door.
  2983 | D:3      | Noticed Crazy Yiuf
  2989 | D:3      | Killed Crazy Yiuf
  3342 | D:4      | Found a shimmering altar of Xom.
  3365 | D:5      | Entered Level 5 of the Dungeon
  3375 | D:4      | Noticed a phantom
  3376 | D:4      | Noticed an ice beast
  3390 | D:4      | Killed a phantom
  3391 | D:4      | Reached XP level 6. HP: 30/47 MP: 6/6
  3393 | D:4      | Killed an ice beast
  3394 | D:4      | Reached skill level 6 in Axes
  3396 | D:4      | Gained mutation: Your body sometimes deteriorates upon
                  | taking damage. [potion of mutation]
  3396 | D:4      | Gained mutation: You have a pair of small antennae on your
                  | head. [potion of mutation]
  3396 | D:4      | Gained mutation: You are clumsy. (Dex -2) [potion of
                  | mutation]
  3648 | D:4      | Reached skill level 7 in Axes
  3648 | D:4      | Gained mutation: Spells you cast and wands you use may
                  | paralyse nearby enemies. [demonic ancestry]
  3648 | D:4      | Reached XP level 7. HP: 35/52 MP: 7/7
  3782 | D:4      | Identified the +12 trident of Devotion {drain, rPois Will+}
  3955 | D:4      | Found a staircase to the Ecumenical Temple.
  3959 | Temple   | Entered the Ecumenical Temple
  3967 | Temple   | Became a worshipper of Hepliaklqana the Forgotten
  4644 | D:5      | Identified the +1 scale mail of Anaesthesia {rElec Regen+
                  | Int+8 Dex-2}
  4699 | D:5      | Noticed hemabe71's ghost (novice HuAr)
  4708 | D:5      | Found a runed translucent door.
  4726 | D:5      | Reached skill level 8 in Axes
  5238 | D:6      | Reached * piety under Hepliaklqana
  5287 | D:6      | Noticed Grinder
  5307 | D:6      | Killed Grinder
  5336 | D:6      | Gained mutation: You may rarely emit foul miasma when
                  | damaged in melee. [demonic ancestry]
  5336 | D:6      | Reached XP level 8. HP: 51/52 MP: 8/8
  5360 | D:6      | Noticed Menkaure
  5366 | D:6      | Killed Menkaure
  5367 | D:6      | Reached skill level 9 in Axes
  5674 | D:6      | Reached ** piety under Hepliaklqana
  5675 | D:6      | Remembered your ancestor Beldrama as a battlemage
  5996 | D:6      | Noticed Edmund
  6009 | D:6      | Killed Edmund
  6075 | D:6      | Reached skill level 10 in Axes
  6293 | D:7      | Reached XP level 9. HP: 44/56 MP: 9/9
  6335 | D:7      | Reached skill level 11 in Axes
  6592 | D:7      | Reached skill level 12 in Axes
  6614 | D:7      | Noticed a two-headed ogre
  6615 | D:7      | Noticed Joseph
  6622 | D:7      | Killed a two-headed ogre
  6622 | D:7      | HP: 2/56 [Joseph/sling bullet (12)]
  6727 | D:7      | Noticed Maggie
  6735 | D:7      | Killed Maggie
  6736 | D:7      | Reached skill level 13 in Axes
  6848 | D:7      | Noticed a manticore
  6852 | D:7      | Killed Joseph
  6853 | D:7      | Reached XP level 10. HP: 63/63 MP: 10/10
  6854 | D:7      | Killed a manticore
  6887 | D:7      | Reached *** piety under Hepliaklqana
  6914 | D:7      | Found Zoefronn's Jewellery Boutique.
  7482 | D:8      | Reached skill level 14 in Axes
  7766 | D:8      | Noticed a seven-headed hydra
  8270 | D:9      | Noticed a tengu warrior
  8283 | D:9      | HP: 2/63 [tengu warrior (6)]
  8283 | D:9      | Killed a tengu warrior
  8283 | D:9      | Noticed a two-headed ogre
  8289 | D:9      | Engulfed by a steam dragon's steam

Illustrated notes

Levels and vault maps discovered:
D:1:      dpeg_arrival_fog, layout_basic, serial_shops, shop,
          basic_ecumenical_altar, st_stairs_4, minmay_misc_feat_room,
          corexii_corridor_pit, minmay_misc_feat_enclosed, nrook_campfire
D:2:      layout_loops_ring, chequers_serial_rivers_room_b, minivault_11
D:3:      minmay_general_purpose_star, layout_loops_corners,
          grunt_decor_junction, uniq_crazy_yiuf_cottage
D:4:      layout_cave_pools, dk_xom_monty_hall,
          minmay_temple_entry_glassed_door, serial_bayou_crossing
D:5:      layout_rooms, hellmonk_ghost_happy_afterlife, serial_rivers,
          chequers_serial_rivers_micro_b, chequers_serial_rivers_micro_a,
          chequers_serial_rivers_large_a, chequers_serial_rivers_room_b,
          chequers_serial_rivers_micro_b, chequers_serial_rivers_micro_c,
          minmay_misc_feat_iff
D:6:      layout_gridville, uniq_grinder, uniq_edmund, uniq_menkaure
D:7:      minmay_inner_zag, layout_gridville, serial_shops, shop, uniq_joseph,
          uniq_maggie
D:8:      layout_rooms, minmay_manual_mess
D:9:      minmay_the_grid_square_5x5_4x4 [minmay_the_grid_square_5x5_plus,
          minmay_the_grid_square_5x5_inverted_slash,
          minmay_the_grid_square_5x5_almost_minimal,
          minmay_the_grid_square_5x5_eight, minmay_the_grid_square_5x5_fat_x,
          minmay_the_grid_square_5x5_prize_open,
          minmay_the_grid_square_5x5_prize_rear_guard,
          minmay_the_grid_square_5x5_forky,
          minmay_the_grid_square_5x5_checkered_sparse,
          minmay_the_grid_square_5x5_prize_itemx,
          minmay_the_grid_square_5x5_prize_junk,
          minmay_the_grid_square_5x5_trominoes,
          minmay_the_grid_square_5x5_shuriken, minmay_the_grid_square_5x5_six,
          minmay_the_grid_square_5x5_intrusive_squares,
          minmay_the_grid_square_5x5_detours], layout_irregular_city
Temple:   mainiacjoe_temple_hex_bubbles

Skill      XL: |  1  2  3  4  5  6  7  8  9 10 |
---------------+-------------------------------+-----
Axes           | 2 3 5 7 8 10 13 14 | 14.8
Fighting       | |  3.0
Armour         | |  2.6
Shields        | |  2.6

Action                   |  1- 3 |  4- 6 |  7- 9 | 10-12 || total
-------------------------+-------+-------+-------+-------++-------
Melee: War axe           |   104 |    96 |   179 |    96 ||   475
Invok: Ancestor Identity |       |       |     1 |       ||     1
       Ancestor Life: Ba |       |       |     1 |       ||     1
  Use: Potion            |       |     5 |       |     1 ||     6
       Scroll            |       |       |     9 |     1 ||    10
 Stab: Distracted        |       |       |     2 |       ||     2
Armor: Scale mail        |    55 |    68 |    79 |    10 ||   212
       Skin              |       |     3 |       |       ||     3
       Chain mail        |       |       |       |    53 ||    53
Dodge: Dodged            |    44 |    71 |    80 |    29 ||   224
Block: Buckler           |    21 |    48 |    39 |    20 ||   128

Table legend: (Time is in decaauts)
 A = Elapsed time spent in this place.
 B = Non-inter-level travel time spent in this place.
 C = Inter-level travel time spent in this place.
 D = Time resting spent in this place.
 E = Time spent auto-exploring this place.
 F = Levels seen in this place.
 G = Mean time per level.
                   A        B        C        D        E       F      G
               +--------+--------+--------+--------+--------+-----+--------+
         Total |   8374 |   8112 |    262 |    806 |   5398 |  10 |  837.4 |
       Dungeon |   8359 |   8097 |    262 |    806 |   5395 |   9 |  928.8 |
        Temple |     15 |     15 |      0 |      0 |      3 |   1 |   15.0 |
               +--------+--------+--------+--------+--------+-----+--------+

Top non-repeatable levels by time:
     D:3: 1562 daAuts
     D:8: 1162 daAuts
     D:4: 1081 daAuts
     D:6: 1059 daAuts
     D:5: 1053 daAuts
     D:2: 817 daAuts
     D:7: 813 daAuts
     D:1: 768 daAuts
     D:9: 41 daAuts
  Temple: 15 daAuts
